 Dungeon Crawl Stone Soup version 0.28-a0-1152-g9c71ebef14 (webtiles) character file.

Game seed: 8871839099675348388

68 spaghetti the Covert (level 4, -1/46 HPs)
             Began as an Octopode Delver on Dec 14, 2021.
             Splashed by a jelly's acid (3 damage)
             ... on level 4 of the Dungeon.
             The game lasted 00:01:27 (805 turns).

spaghetti the Covert (Octopode Delver)               Turns: 805, Time: 00:01:27

Health: -1/46      AC: 14    Str: 11    XL:     4   Next: 19%
Magic:  4/4        EV:  2    Int: 14    God:
Gold:   29         SH:  0    Dex: 13    Spells: 3/3 levels left

rFire   . . .      SeeInvis .   a - +0 spear {polearm}
rCold   . . .      Faith    .   (no shield)
rNeg    . . .      Spirit   .   (helmet currently unavailable)
rPois   +          Reflect  .   (no amulet)
rElec   .          Harm     .   (no ring)
rCorr   .          Rampage  .   (no ring)
Will    .....      NoTele   +   (no ring)
Stlth   ++++......              (no ring)
HPRegen 0.15/turn               (no ring)
MPRegen 0.09/turn               (no ring)
                                (no ring)
                                (no ring)

@: tree-form, corroded
A: stationary, stasis, torment immunity, boosted hp, almost no armour,
(amphibious), 8 rings, (camouflage 1), (gelatinous body 1), (nimble swimmer 1),
(tentacles)
a: no special abilities


You were on level 4 of the Dungeon.
You were a tree.
You visited 1 branch of the dungeon, and saw 2 of its levels.

You collected 29 gold pieces.


Innate Abilities, Weirdness & Mutations

You are a tree.
Your roots penetrate the ground, keeping you stationary.
You cannot be teleported.
You are immune to unholy pain and torment.
Your maximum health is greatly increased.
You cannot wear most types of armour.
((You are amphibious.))
You can wear up to eight rings at the same time.
((Your skin changes colour to match your surroundings (Stealth+).))
((Your rubbery body absorbs attacks. (AC +1, EV +1)))
((You are camouflaged near water. (Stealth+)))
((You have tentacles for arms and can constrict up to eight enemies at once.))


   Skills:
 - Level 3.0 Fighting
 - Level 2.0 Polearms
 - Level 2.0 Dodging
 + Level 8.7 Stealth


You had 3 spell levels left.
You didn't know any spells.
Your spell library contained the following spells:

 Spells                   Type           Power      Damage    Failure   Level
 Ignite Poison            Fire/Tmut/Pois 0%         N/A       65%         3
 Mephitic Cloud           Conj/Pois/Air  0%         N/A       65%         3
 Airstrike                Air            0%         N/A       96%         4
 Summon Lightning Spire   Summ/Air       0%         N/A       96%         4
 Freezing Cloud           Conj/Ice/Air   0%         6-21      100%        5
 Lightning Bolt           Conj/Air       0%         1d11      100%        5

Inventory:

Hand Weapons
 a - a +0 spear (weapon) {polearm}
Missiles
 c - 3 boomerangs (quivered) {throwing}
Wands
 f - a wand of digging (3)
Scrolls
 b - a scroll of fog
 d - a scroll of fear
 h - a scroll of magic mapping {!r}
Potions
 e - a potion of haste {@q3}

Dungeon Overview and Level Annotations

Branches:
Dungeon (5/15)
 Temple: D:4-7

Altars:

≈##
#.#.#.#.#.#.#.#######
#.#.#.#.#.#.##
..#)#.#.#.#.#.#
.#.#.#.#.#.#.##
#.#)#.#.#.#.#.#
..#.#.#.#.#.#.##
#.#.#.#.#.#.#.#.#
..#.#.#.#.#.#.#.#
.#.#.#.#.#.#♣#.#
#.#.#.#.#.#J#.#.#
.#.#.#.#.#.#.#.#.#
.#.#.#.#.#.#.#.##
.#.#.#.#.# #.#.#
.#.#.#.. #.## .#.#..
#.. #.#..# #.S .#...
...


You could see a jelly.


Message History

No target in view!
No target in view!
No target in view!
No target in view!
No target in view!
No target in view!
A goblin comes into view. It is wielding a +0 dagger.
A goblin is nearby!
You reach to attack!
You closely miss the goblin. You hit the goblin.
You kill the goblin!
No target in view!
No target in view!
No target in view!
No target in view!
No target in view!
No target in view!
No target in view!
No target in view!
No target in view!
No target in view!
No target in view!
h - a scroll of magic mapping {!r} A hound skeleton comes into view.
A hound skeleton is nearby!
You completely miss the hound skeleton. You grab the hound skeleton.
You squeeze the hound skeleton! You constrict the hound skeleton.
The hound skeleton closely misses you.
You hit the hound skeleton. You squeeze the hound skeleton.
You constrict the hound skeleton. The hound skeleton misses you.
The hound skeleton closely misses you.
You hit the hound skeleton.
You destroy the hound skeleton!
You have reached level 4! 😎 HP[+5] MP[+1]
You now have 31 max hp (+5).
Your hp is fully restored (31).
Your mp is fully restored (4).
Unknown command.
A ball python comes into view.
You see here a potion of haste {@q3}.
You see here a potion of haste {@q3}.
You catch the helpless jelly completely off-guard!
You hit the jelly.
Your tentacles burn!
You squeeze the jelly, but do no damage.
The jelly misses you. 😕 HP[-4]
You take 4 damage, and now have 27/31 hp.
You hit the jelly.
Your tentacles burn!
The jelly barely misses you. 😮 HP[-4]
You take 4 damage, and now have 23/31 hp.
You are too injured to fight recklessly!
You are too injured to fight recklessly!
You are too injured to fight recklessly!
You are too injured to fight recklessly!
You are too injured to fight recklessly!
You are too injured to fight recklessly!
You are too injured to fight recklessly!
You are too injured to fight recklessly!
You are too injured to fight recklessly!
You are too injured to fight recklessly!
You are too injured to fight recklessly!
You are too injured to fight recklessly!
You are too injured to fight recklessly!
You are too injured to fight recklessly!
You are too injured to fight recklessly!
You are too injured to fight recklessly!
You are too injured to fight recklessly!
Unknown command.
You hit the jelly.
Your tentacles burn!
The jelly barely misses you. 😮 HP[-1]
You take 1 damage, and now have 22/31 hp.
You hit the jelly. The acid corrodes you!
Your tentacles burn!
The jelly barely misses you. 😮 HP[-3]
You take 3 damage, and now have 19/31 hp.
You hit the jelly. The acid corrodes you!
Your tentacles burn!
* * * LOW HITPOINT WARNING * * *
The jelly barely misses you. 😨 HP[-4]
You take 4 damage, and now have 15/31 hp.
Unknown command.
Unknown command.
You hit the jelly but do no damage. The acid corrodes you!
Your tentacles burn!
* * * LOW HITPOINT WARNING * * *
The jelly hits you.
* * * LOW HITPOINT WARNING * * *
You are splashed with acid!
* * * LOW HITPOINT WARNING * * *
😱 HP[-14]
You take 14 damage, and now have 1/31 hp.
MASSIVE DAMAGE!! (PAUSE) Unknown command.
Unknown command.
Okay, then.
It was a potion of lignification.
You turn into a tree.
Your roots penetrate the ground.
The jelly hits you but does no damage. 😱 HP[+1]
You now have 46 max hp (+15).
You hit the jelly.
Your branches burn!
You die...

Skill      XL: |  1  2  3 |
---------------+----------+-----
Stealth        | 7 8 |  8.7
Fighting       | |  3.0
Polearms       | |  2.0
Dodging        | |  2.0

Action                   |  1- 3 |  4- 6 || total
-------------------------+-------+-------++-------
Melee: Spear             |    28 |     7 ||    35
       Constrict         |    10 |       ||    10
       Tentacles         |     7 |     1 ||     8
  Use: Scroll            |     3 |       ||     3
       Potion            |       |     1 ||     1
 Stab: Sleeping          |     1 |       ||     1
       Distracted        |       |     1 ||     1
Armor: Skin              |       |     1 ||     1
Dodge: Dodged            |    18 |     5 ||    23

Levels and vault maps discovered:
D:4:      layout_basic, gammafunk_ghost_nasty_kobolds, grunt_decor_cap,
          minmay_distorted, uniq_sigmund, uniq_duvessa
D:5:      layout_layer_cave, minivault_19, chequers_mini_garden

Notes
Turn   | Place    | Note
-------+----------+-------------------------------------------
     0 | D:5      | spaghetti the Octopode Delver began the quest for the Orb.
     0 | D:5      | Reached XP level 1. HP: 16/16 MP: 1/1
     0 | D:5      | magus.rc [v1.9.6]
    87 | D:4      | Reached skill level 7 in Stealth
    87 | D:4      | Reached XP level 2. HP: 18/21 MP: 2/2
    98 | D:5      | HP: 5/21 [poisoned by a kobold]
   101 | D:5      | HP: 2/21 [poisoned by a kobold]
   528 | D:5      | You add the spells Ignite Poison, Mephitic Cloud and
                  | Freezing Cloud to your library.
   558 | D:5      | Reached XP level 3. HP: 23/26 MP: 3/3
   645 | D:5      | Reached skill level 8 in Stealth
   753 | D:4      | You pick up a book of Storms and begin reading...
   753 | D:4      | You add the spells Airstrike, Summon Lightning Spire and
                  | Lightning Bolt to your library.
   790 | D:4      | Reached XP level 4. HP: 31/31 MP: 4/4
   802 | D:4      | HP: 1/31 [acid (8)]
   805 | D:4      | Splashed by a jelly's acid

Vanquished Creatures
  An iguana (D:5)
  A hound skeleton (D:4)
  2 adders
  5 orcs
  2 goblins (D:4)
11 creatures vanquished.

Table legend:
 A = Non-vault XP
 B = Vault XP
 C = Vault XP percentage of total XP
 D = Non-vault monster count
 E = Vault monster count
 F = Vault count percentage of total count
                 A         B        C        D         E       F
            +---------+---------+-------+---------+---------+-------
      Total |      98 |       0 |   0.0 |      11 |       0 |   0.0
            +---------+---------+-------+---------+---------+-------
        D:4 |      36 |       0 |   0.0 |       5 |       0 |   0.0
        D:5 |      62 |       0 |   0.0 |       6 |       0 |   0.0
            +---------+---------+-------+---------+---------+-------

Illustrated notes

Table legend:
 A = Kills in this place as a percentage of kills in entire the game.
 B = Kills by you in this place as a percentage of kills by you in the entire game.
 C = Kills by friends in this place as a percentage of kills by friends in the entire game.
 D = Other kills in this place as a percentage of other kills in the entire game.
 E = Experience gained in this place as a percentage of experience gained in the entire game.
 F = Experience gained in this place divided by the number of levels of this place that you have seen.
                   A       B       C       D       E      F
               +-------+-------+-------+-------+-------+----------------------
         Total | 100.0 | 100.0 |   N/A |   N/A | 100.0 |  49.0
       Dungeon | 100.0 | 100.0 |   N/A |   N/A | 100.0 |  49.0
               +-------+-------+-------+-------+-------+----------------------

Table legend: (Time is in decaauts)
 A = Elapsed time spent in this place.
 B = Non-inter-level travel time spent in this place.
 C = Inter-level travel time spent in this place.
 D = Time resting spent in this place.
 E = Time spent auto-exploring this place.
 F = Levels seen in this place.
 G = Mean time per level.
                   A        B        C        D        E       F      G
               +--------+--------+--------+--------+--------+-----+--------+
         Total |    805 |    793 |     12 |    354 |    322 |   2 |  402.5 |
       Dungeon |    805 |    793 |     12 |    354 |    322 |   2 |  402.5 |
               +--------+--------+--------+--------+--------+-----+--------+

Top non-repeatable levels by time:
     D:5: 671 daAuts
     D:4: 134 daAuts
